 Dungeon Crawl Stone Soup version 0.28.0-47-ge53b351184 (webtiles) character file.

Game seed: 13553647457707297610

91 hawla the Digger (level 4, -1/24 HPs)
             Began as a Deep Elf Earth Elementalist on May 3, 2022.
             Slain by a black bear (6 damage)
             ... on level 3 of the Dungeon on May 4, 2022.
             The game lasted 00:06:21 (2310 turns).

hawla the Digger (Deep Elf Earth Elementalist)      Turns: 2310, Time: 00:06:22

Health: -1/24      AC:  4    Str:  5    XL:     4   Next: 33%
Magic:  0/10       EV: 13    Int: 22    God:
Gold:   170        SH:  0    Dex: 15    Spells: 5/9 levels left

rFire   . . .      SeeInvis .   h - +2 quarterstaff (chaos)
rCold   . . .      Faith    .   (shield currently unavailable)
rNeg    . . .      Spirit   .   b - +0 robe
rPois   .          Reflect  .   (no helmet)
rElec   .          Harm     .   n - +0 cloak
rCorr   +          Rampage  .   (no gloves)
Will    .....                   e - +0 pair of boots
Stlth   ++........              (no amulet)
HPRegen 0.08/turn               d - ring of resist corrosion
MPRegen 0.12/turn               (no ring)

@: no status effects
A: no striking features
a: no special abilities


You were on level 3 of the Dungeon.
You visited 1 branch of the dungeon, and saw 3 of its levels.

You collected 170 gold pieces.

Inventory:

Hand Weapons
 h - a +2 quarterstaff of chaos (weapon)
Missiles
 c - 59 stones
 j - 3 poisoned darts
 k - 3 boomerangs
Armour
 b - a +0 robe (worn)
 e - a +0 pair of boots (worn)
 n - a +0 cloak (worn)
Jewellery
 d - a ring of resist corrosion (left hand)
Scrolls
 a - a scroll of vulnerability {unknown}
 l - a scroll of identify
Potions
 g - 2 potions of haste
 i - a potion of curing {unknown}
 m - a potion of degeneration {unknown}


   Skills:
 + Level 0.2 Fighting
 - Level 2.8 Dodging
 - Level 2.9 Stealth
 - Level 3.3 Spellcasting
 + Level 0.7 Conjurations
 - Level 1.1 Transmutations
 + Level 5.0 Earth Magic


You had 5 spell levels left.
You knew the following spells:

 Your Spells              Type           Power      Damage    Failure   Level
a - Sandblast             Erth           50%        2d12      1%          1
b - Stone Arrow           Conj/Erth      32%        3d9       11%         3

Your spell library contained the following spells:

 Spells                   Type           Power      Damage    Failure   Level
 Passwall                 Tmut/Erth      14%        N/A       5%          2
 Pain                     Necr           12%        1d4       12%         1
 Petrify                  Tmut/Erth      17%        N/A       34%         4
 Agony                    Necr           3%         N/A       98%         5
 Excruciating Wounds      Necr           1%         N/A       98%         5


Dungeon Overview and Level Annotations

Branches:
Dungeon (3/15)

Altars:

Annotations:
D:2 Sigmund


Message History

The black bear growls angrily.
A black bear is nearby!
Casting: Sandblast (safe; 1% risk of failure)
Confirm with . or Enter, or press ? or * to list all spells.
You can't see any susceptible monsters within range! (Use Z to cast anyway.)
Casting: Sandblast (safe; 1% risk of failure)
Confirm with . or Enter, or press ? or * to list all spells.
The spell is quite dangerous to miscast (11% risk of failure)!
Continue anyway?
Aiming: Stone Arrow (quite dangerous; 11% risk of failure)
Press: ? - help, Shift-Dir - straight line, f - black bear
Aim: a black bear (77% to hit)
The stone arrow hits the black bear!
The black bear is heavily wounded.
Casting: Stone Arrow (quite dangerous; 11% risk of failure)
Confirm with . or Enter, or press ? or * to list all spells.
The spell is quite dangerous to miscast (11% risk of failure)!
Continue anyway?
Aiming: Stone Arrow (quite dangerous; 11% risk of failure)
Press: ? - help, Shift-Dir - straight line, f/p - black bear
Aim: a black bear (heavily wounded, 77% to hit)
The stone arrow hits the black bear!
The black bear is almost dead.
Casting: Stone Arrow (quite dangerous; 11% risk of failure)
Confirm with . or Enter, or press ? or * to list all spells.
Aiming: Sandblast (safe; 1% risk of failure)
Press: ? - help, Shift-Dir - straight line, f/p - black bear
Aim: a black bear (almost dead, 86% to hit)
The blast of sand misses the black bear.
Casting: Sandblast (safe; 1% risk of failure)
Confirm with . or Enter, or press ? or * to list all spells.
The spell is quite dangerous to miscast (11% risk of failure)!
Continue anyway?
Aiming: Stone Arrow (quite dangerous; 11% risk of failure)
Press: ? - help, Shift-Dir - straight line, f/p - black bear
Aim: a black bear (almost dead, 77% to hit)
The stone arrow misses the black bear.
The black bear bites you! The black bear claws you. x2
The black bear goes berserk!
The black bear bites you!
* * * LOW HITPOINT WARNING * * *
The black bear claws you.
You die...

#.#........#.#
#.#.######.#.##############
#.#.......<................
#.##########.########...###
#..........#.#.............
##########.#.#.#####.......
#.#.#.............
#.#.######)##+####
#@#>....<..†......
#h#...............
#.#.#............. #.#
#.#.########## #.#...#.
#.### #. #.. #+ #... .....


You could see a black bear (berserk).

Vanquished Creatures
  Crazy Yiuf (D:2)
  A gnoll (D:1)
  An adder (D:1)
  2 dart slugs (D:1)
  An orc (D:3)
  A ball python (D:2)
  4 bats
  2 endoplasms (D:1)
  3 giant cockroaches (D:2)
  4 goblins
  3 hobgoblins (D:2)
  3 kobolds
  A quokka (D:2)
  6 frilled lizards
  4 rats
37 creatures vanquished.

Notes
Turn   | Place    | Note
-------+----------+-------------------------------------------
     0 | D:1      | hawla the Deep Elf Earth Elementalist began the quest for
                  | the Orb.
     0 | D:1      | Reached XP level 1. HP: 10/10 MP: 6/6
    34 | D:1      | Reached XP level 2. HP: 15/15 MP: 5/8
    97 | D:1      | Found a faded altar of an unknown god.
   336 | D:1      | Reached skill level 4 in Earth Magic
   493 | D:1      | Reached XP level 3. HP: 17/19 MP: 9/9
   974 | D:2      | Noticed Sigmund
  1120 | D:1      | Learned a level 3 spell: Stone Arrow
  1633 | D:2      | Found a runed translucent door.
  1634 | D:2      | Noticed Crazy Yiuf
  2023 | D:2      | Killed Crazy Yiuf
  2024 | D:2      | Reached skill level 5 in Earth Magic
  2024 | D:2      | Reached XP level 4. HP: 13/24 MP: 0/10
  2300 | D:3      | Noticed a black bear
  2310 | D:3      | Slain by a black bear

Illustrated notes

Levels and vault maps discovered:
D:1:      dpeg_arrival_connections, layout_basic,
          shapermc_ecumenical_altar_starsandcircs
D:2:      layout_basic, grunt_decor_arrowhead, uniq_crazy_yiuf_cottage,
          uniq_sigmund
D:3:      layout_basic

Skill      XL: |  1  2  3 |
---------------+----------+-----
Earth Magic    | 4 5 |  5.0
Fighting       | |  0.2
Dodging        | |  2.8
Stealth        | |  2.9
Spellcasting   | |  3.3
Conjurations   | |  0.7
Transmutations | |  1.1

Action                   |  1- 3 |  4- 6 || total
-------------------------+-------+-------++-------
Melee: Dagger            |    47 |       ||    47
       Unarmed           |     2 |       ||     2
 Cast: Sandblast         |    13 |     3 ||    16
       Stone Arrow       |     9 |     3 ||    12
  Use: Potion            |     2 |       ||     2
       Scroll            |     1 |       ||     1
 Stab: Sleeping          |     6 |       ||     6
Armor: Robe              |     8 |       ||     8
Dodge: Dodged            |    35 |       ||    35
